[ AOE2 MATCH · #506805187 ]
UnrankedMaya vs Chinese
Player's team · WIN
Rival team · LOSS
[ REPLAY ANALYSIS · EXTRACTED FROM THE RECORDED GAME ]
Feudal
9:40
Castle
23:37
Imperial
35:39
| APM avg | 83.5 |
| APM peak | 126 |
| eAPM avg | 43.6 |
| Villagers / military | 139 / 191 |
Focus
⚔️ 52.1% · 🌾 47.9%
Archer ×127 · Eagle Scout ×38 · Skirmisher ×9 · Trebuchet (Packed) ×7 · Monk ×3 · Militia ×3
Feudal
10:09
Castle
25:03
Imperial
38:36
| APM avg | 57.5 |
| APM peak | 140 |
| eAPM avg | 25.7 |
| Villagers / military | 112 / 138 |
Focus
⚔️ 49.4% · 🌾 50.6%
Archer ×63 · Skirmisher ×49 · Knight ×16 · Scout Cavalry ×10
Match map
Initial resources + every placement click. Lines = walls · curves = elevation contours. ◆ gold · ⬟ stone · ● berries · ✦ relic · ◌ wall gap
Your base· Open — unwalled flank
dylanrobinson54's base· Open — 10t gap
Smoothed initial terrain · ◌ = detected wall gap · hover for details
Inputs per minute
— 南园寺 - - dylanrobinson54
Build order — 南园寺
First 150 of 544 actions detected
| 0:01 | Research | Loom |
| 0:04 | Build | House |
| 0:08 | Build | House |
| 0:29 | Queue | Villager (Male) |
| 0:29 | Queue | Villager (Male) |
| 0:29 | Queue | Villager (Male) |
| 1:34 | Queue | Villager (Male) |
| 1:34 | Queue | Villager (Male) |
| 1:57 | Build | Lumber Camp |
| 2:07 | Queue | Villager (Male) |
| 2:07 | Queue | Villager (Male) |
| 2:30 | Queue | Villager (Male) |
| 2:56 | Queue | Villager (Male) |
| 2:56 | Queue | Villager (Male) |
| 3:09 | Queue | Villager (Male) |
| 3:10 | Queue | Villager (Male) |
| 3:36 | Queue | Villager (Male) |
| 3:36 | Queue | Villager (Male) |
| 3:51 | Build | House |
| 4:16 | Queue | Villager (Male) |
| 4:16 | Queue | Villager (Male) |
| 4:17 | Queue | Villager (Male) |
| 5:03 | Queue | Villager (Male) |
| 5:21 | Build | Barracks |
| 5:22 | Build | House |
| 5:29 | Queue | Villager (Male) |
| 5:51 | Queue | Villager (Male) |
| 6:18 | Queue | Villager (Male) |
| 6:45 | Queue | Villager (Male) |
| 6:59 | Build | Mining Camp |
| 7:27 | Build | Mill |
| 7:30 | Research | Feudal Age |
| 7:30 | Research | Feudal Age |
| 7:51 | Queue | Militia |
| 8:12 | Queue | Militia |
| 8:31 | Queue | Militia |
| 8:38 | Build | House |
| 8:42 | Build | House |
| 9:00 | Queue | Villager (Male) |
| 9:40 | Age | Feudal Age |
| 9:45 | Research | Man-at-Arms (upgrade) |
| 9:47 | Build | Archery Range |
| 9:49 | Build | House |
| 9:58 | Queue | Villager (Male) |
| 10:08 | Research | Arson |
| 10:15 | Research | Double-Bit Axe |
| 10:22 | Queue | Villager (Male) |
| 10:34 | Build | Mill |
| 10:44 | Queue | Eagle Scout |
| 10:57 | Queue | Villager (Male) |
| 10:58 | Queue | Archer |
| 11:03 | Build | Palisade Wall |
| 11:15 | Build | Farm |
| 11:16 | Build | Farm |
| 11:20 | Queue | Villager (Male) |
| 11:33 | Queue | Archer |
| 11:34 | Queue | Spearman |
| 11:45 | Queue | Villager (Male) |
| 11:59 | Queue | Skirmisher |
| 12:06 | Queue | Villager (Male) |
| 12:13 | Queue | Skirmisher |
| 12:18 | Build | House |
| 12:33 | Queue | Eagle Scout |
| 12:35 | Queue | Villager (Male) |
| 12:37 | Build | House |
| 12:38 | Build | House |
| 12:54 | Queue | Skirmisher |
| 13:06 | Queue | Villager (Male) |
| 13:19 | Build | Blacksmith |
| 13:22 | Queue | Skirmisher |
| 13:32 | Queue | Villager (Male) |
| 13:49 | Queue | Villager (Male) |
| 13:56 | Queue | Skirmisher |
| 13:59 | Build | House |
| 14:00 | Build | House |
| 14:01 | Build | Palisade Wall |
| 14:04 | Research | Fletching |
| 14:17 | Queue | Skirmisher |
| 14:18 | Queue | Eagle Scout |
| 14:21 | Build | House |
| 14:22 | Build | House |
| 14:37 | Queue | Villager (Male) |
| 14:48 | Queue | Skirmisher |
| 14:54 | Queue | Villager (Male) |
| 15:17 | Queue | Villager (Male) |
| 15:23 | Queue | Skirmisher |
| 15:25 | Queue | Eagle Scout |
| 15:25 | Queue | Eagle Scout |
| 15:28 | Build | Farm |
| 15:31 | Build | Farm |
| 15:32 | Build | Farm |
| 15:37 | Build | House |
| 15:58 | Queue | Villager (Male) |
| 16:27 | Queue | Skirmisher |
| 16:29 | Build | House |
| 16:37 | Queue | Archer |
| 16:39 | Build | Archery Range |
| 16:41 | Build | Farm |
| 16:44 | Build | Farm |
| 16:44 | Build | Farm |
| 16:44 | Build | Farm |
| 16:45 | Build | Farm |
| 16:45 | Build | Farm |
| 16:45 | Queue | Villager (Male) |
| 17:04 | Queue | Villager (Male) |
| 17:07 | Queue | Archer |
| 17:15 | Queue | Spearman |
| 17:20 | Build | Farm |
| 17:22 | Build | Farm |
| 17:23 | Build | Farm |
| 17:24 | Queue | Villager (Male) |
| 17:30 | Queue | Archer |
| 17:33 | Queue | Archer |
| 17:33 | Queue | Archer |
| 17:37 | Research | Padded Archer Armor |
| 17:37 | Research | Padded Archer Armor |
| 17:46 | Build | Farm |
| 17:47 | Queue | Villager (Male) |
| 18:14 | Queue | Villager (Male) |
| 18:32 | Build | Farm |
| 18:33 | Build | Farm |
| 18:34 | Build | Farm |
| 18:35 | Queue | Villager (Male) |
| 18:43 | Queue | Archer |
| 18:44 | Queue | Archer |
| 18:44 | Queue | Archer |
| 18:48 | Build | Farm |
| 19:11 | Queue | Villager (Male) |
| 19:19 | Queue | Archer |
| 19:19 | Queue | Archer |
| 19:24 | Build | Palisade Wall |
| 19:25 | Build | Palisade Wall |
| 19:28 | Build | Palisade Wall |
| 19:31 | Build | Palisade Gate |
| 19:36 | Queue | Villager (Male) |
| 19:55 | Queue | Archer |
| 19:55 | Queue | Archer |
| 20:07 | Queue | Villager (Male) |
| 20:12 | Build | Outpost |
| 20:14 | Research | Town Watch |
| 20:30 | Queue | Archer |
| 20:30 | Queue | Archer |
| 20:47 | Research | Castle Age |
| 20:47 | Research | Castle Age |
| 21:10 | Research | Gold Mining |
| 21:31 | Queue | Archer |
| 21:31 | Queue | Archer |
| 21:35 | Research | Scale Mail Armor |
| 21:53 | Queue | Archer |
| 21:53 | Queue | Archer |
Build order — dylanrobinson54
First 150 of 393 actions detected
| 0:00 | Research | Loom |
| 0:44 | Queue | Villager (Male) |
| 1:10 | Queue | Villager (Male) |
| 1:35 | Queue | Villager (Male) |
| 2:04 | Queue | Villager (Male) |
| 2:25 | Queue | Villager (Male) |
| 2:56 | Queue | Villager (Male) |
| 3:06 | Queue | Villager (Male) |
| 3:09 | Build | House |
| 3:33 | Queue | Villager (Male) |
| 4:04 | Queue | Villager (Male) |
| 4:15 | Build | Lumber Camp |
| 4:16 | Queue | Villager (Male) |
| 4:31 | Queue | Villager (Male) |
| 4:49 | Queue | Villager (Male) |
| 4:53 | Build | Palisade Gate |
| 5:17 | Queue | Villager (Male) |
| 5:28 | Queue | Villager (Male) |
| 5:48 | Build | House |
| 5:51 | Queue | Villager (Male) |
| 5:53 | Build | Mill |
| 6:00 | Build | Mill |
| 7:00 | Build | Mill |
| 7:07 | Queue | Villager (Male) |
| 7:32 | Queue | Villager (Male) |
| 7:37 | Build | Lumber Camp |
| 7:59 | Research | Feudal Age |
| 8:36 | Build | House |
| 8:53 | Queue | Villager (Male) |
| 8:58 | Build | Palisade Wall |
| 9:00 | Build | Palisade Wall |
| 9:03 | Build | Palisade Wall |
| 9:03 | Build | Palisade Wall |
| 9:21 | Build | Barracks |
| 10:09 | Age | Feudal Age |
| 10:11 | Build | Archery Range |
| 10:13 | Queue | Villager (Male) |
| 10:20 | Queue | Villager (Male) |
| 10:37 | Build | Mining Camp |
| 10:57 | Queue | Archer |
| 11:00 | Build | House |
| 11:08 | Queue | Villager (Male) |
| 11:12 | Research | Double-Bit Axe |
| 11:18 | Build | House |
| 11:27 | Queue | Villager (Male) |
| 11:29 | Build | Farm |
| 11:41 | Queue | Skirmisher |
| 11:45 | Queue | Archer |
| 11:51 | Queue | Villager (Male) |
| 11:53 | Build | Farm |
| 11:57 | Build | Farm |
| 12:04 | Build | Palisade Wall |
| 12:05 | Build | Palisade Wall |
| 12:15 | Queue | Villager (Male) |
| 12:17 | Build | Palisade Wall |
| 12:22 | Build | Palisade Wall |
| 12:23 | Build | Palisade Wall |
| 12:30 | Queue | Villager (Male) |
| 12:32 | Build | Palisade Wall |
| 12:35 | Build | Palisade Wall |
| 12:41 | Queue | Villager (Male) |
| 12:48 | Queue | Villager (Male) |
| 13:05 | Build | Blacksmith |
| 13:10 | Queue | Archer |
| 13:12 | Queue | Villager (Male) |
| 13:45 | Build | Stable |
| 13:47 | Queue | Archer |
| 13:50 | Research | Fletching |
| 13:51 | Build | House |
| 13:57 | Queue | Villager (Male) |
| 13:59 | Build | Farm |
| 14:01 | Build | Farm |
| 14:05 | Build | House |
| 14:19 | Queue | Villager (Male) |
| 14:23 | Research | Horse Collar |
| 14:35 | Queue | Scout Cavalry |
| 14:48 | Build | Farm |
| 14:53 | Research | Scale Barding Armor |
| 14:57 | Queue | Villager (Male) |
| 15:02 | Build | Farm |
| 15:09 | Queue | Scout Cavalry |
| 15:24 | Queue | Archer |
| 15:25 | Queue | Villager (Male) |
| 15:28 | Build | Farm |
| 15:29 | Build | Farm |
| 15:48 | Queue | Villager (Male) |
| 15:55 | Build | House |
| 15:58 | Build | Palisade Wall |
| 16:24 | Queue | Archer |
| 16:25 | Queue | Archer |
| 16:26 | Queue | Scout Cavalry |
| 16:27 | Queue | Archer |
| 16:28 | Queue | Archer |
| 16:32 | Queue | Villager (Male) |
| 16:34 | Build | Stable |
| 16:42 | Build | Farm |
| 16:45 | Build | Farm |
| 16:47 | Build | Farm |
| 16:47 | Build | Farm |
| 16:48 | Build | Mill |
| 16:51 | Queue | Villager (Male) |
| 17:00 | Queue | Archer |
| 17:01 | Queue | Archer |
| 17:14 | Build | Farm |
| 17:21 | Build | Farm |
| 17:26 | Queue | Villager (Male) |
| 17:36 | Queue | Scout Cavalry |
| 17:51 | Queue | Villager (Male) |
| 17:53 | Build | Watch Tower |
| 18:01 | Queue | Archer |
| 18:03 | Queue | Scout Cavalry |
| 18:04 | Queue | Scout Cavalry |
| 18:08 | Build | House |
| 18:13 | Build | Farm |
| 18:13 | Build | Farm |
| 18:13 | Build | Farm |
| 18:22 | Queue | Villager (Male) |
| 18:26 | Build | Mining Camp |
| 18:38 | Build | Palisade Wall |
| 18:43 | Build | Palisade Wall |
| 18:54 | Queue | Archer |
| 18:55 | Queue | Scout Cavalry |
| 18:55 | Queue | Scout Cavalry |
| 19:01 | Queue | Villager (Male) |
| 19:20 | Queue | Archer |
| 19:21 | Queue | Scout Cavalry |
| 19:31 | Build | Farm |
| 19:33 | Queue | Villager (Male) |
| 19:34 | Queue | Archer |
| 19:42 | Build | House |
| 19:54 | Build | Farm |
| 20:03 | Build | Stone Wall |
| 20:06 | Queue | Villager (Male) |
| 20:07 | Queue | Archer |
| 20:10 | Queue | Scout Cavalry |
| 20:13 | Research | Bloodlines |
| 20:15 | Build | House |
| 20:19 | Queue | Villager (Male) |
| 20:37 | Queue | Villager (Male) |
| 20:52 | Queue | Archer |
| 20:55 | Build | Market |
| 21:36 | Build | House |
| 22:12 | Queue | Villager (Male) |
| 22:23 | Research | Castle Age |
| 22:52 | Build | Archery Range |
| 22:54 | Research | Padded Archer Armor |
| 23:06 | Research | Gold Mining |
| 23:11 | Queue | Villager (Male) |
| 23:13 | Build | Watch Tower |
| 23:19 | Build | Watch Tower |
Match timeline
| 5:21 | 南园寺 · first_building Barracks |
| 8:58 | dylanrobinson54 · wall_segment Palisade Wall x3 |
| 9:00 | dylanrobinson54 · wall_segment Palisade Wall x2 |
| 9:03 | dylanrobinson54 · wall_segment Palisade Wall x3 |
| 9:03 | dylanrobinson54 · wall_segment Palisade Wall x1 |
| 9:21 | dylanrobinson54 · first_building Barracks |
| 9:40 | 南园寺 · age_up feudal |
| 9:47 | 南园寺 · first_building Archery Range |
| 10:09 | dylanrobinson54 · age_up feudal |
| 10:11 | dylanrobinson54 · first_building Archery Range |
| 11:03 | 南园寺 · wall_segment Palisade Wall x5 |
| 12:04 | dylanrobinson54 · wall_segment Palisade Wall x1 |
| 12:05 | dylanrobinson54 · wall_segment Palisade Wall x1 |
| 12:17 | dylanrobinson54 · wall_segment Palisade Wall x1 |
| 12:22 | dylanrobinson54 · wall_segment Palisade Wall x1 |
| 12:23 | dylanrobinson54 · wall_segment Palisade Wall x1 |
| 12:32 | dylanrobinson54 · wall_segment Palisade Wall x3 |
| 12:35 | dylanrobinson54 · wall_segment Palisade Wall x3 |
| 13:45 | dylanrobinson54 · first_building Stable |
| 14:01 | 南园寺 · wall_segment Palisade Wall x1 |
| 15:58 | dylanrobinson54 · wall_segment Palisade Wall x1 |
| 18:38 | dylanrobinson54 · wall_segment Palisade Wall x6 |
| 18:43 | dylanrobinson54 · wall_segment Palisade Wall x7 |
| 19:24 | 南园寺 · wall_segment Palisade Wall x1 |
| 19:25 | 南园寺 · wall_segment Palisade Wall x1 |
| 19:28 | 南园寺 · wall_segment Palisade Wall x11 |
| 20:03 | dylanrobinson54 · wall_segment Stone Wall x8 |
| 22:16 | dylanrobinson54 · first_market_buy 100 food |
| 22:18 | dylanrobinson54 · first_market_sell 500 wood |
| 22:46 | 南园寺 · wall_segment Palisade Wall x8 |
| 22:48 | 南园寺 · wall_segment Palisade Wall x11 |
| 23:37 | 南园寺 · age_up castle |
| 25:03 | dylanrobinson54 · age_up castle |
| 27:25 | 南园寺 · first_building Monastery |
| 30:25 | dylanrobinson54 · first_building Monastery |
| 33:00 | 南园寺 · first_building Siege Workshop |
| 33:54 | 南园寺 · first_building Castle |
| 35:32 | 南园寺 · first_market_buy 100 wood |
| 35:39 | 南园寺 · age_up imperial |
| 35:52 | 南园寺 · first_market_sell 100 stone |
| 37:17 | dylanrobinson54 · first_building Castle |
| 38:36 | dylanrobinson54 · age_up imperial |
| 44:45 | dylanrobinson54 · resign |
[ AI ANALYSIS · 1 CREDIT ]
What really happened in this match?
Wolo.gg analyzes every decision: build order, eco, micro, common mistakes by bracket. Personalized analysis on WhatsApp or Discord in 30 seconds.
Civ guide
Maya
Perfil
Jugador #23617358